 Dungeon Crawl Stone Soup version 0.30-a0-920-g7493c07aab (webtiles) character file.

Game seed: 5420502807924665598

24385 GloriousHammer the Basher (level 13, -3/137 HPs)
             Began as an Ogre Cinder Acolyte on Mar 21, 2023.
             Was a Follower of Lugonu.
             Slain by a steam dragon (5 damage)
             ... on level 3 of the Lair of Beasts.
             The game lasted 00:54:27 (38220 turns).

GloriousHammer the Basher (Ogre Cinder Acolyte)    Turns: 38220, Time: 00:54:28

Health: -3/137     AC:  8    Str: 21    XL:     13   Next: 12%
Magic:  21/33      EV:  8    Int: 24    God:    Lugonu [*.....]
Gold:   1007       SH:  7    Dex:  4    Spells: 17/25 levels left

rFire   . . .      SeeInvis +    a - +3 whip (vamp)
rCold   + . .      Faith    .    A - +0 kite shield
rNeg    . . .      Spirit   .    k - +2 animal skin of the Kissing Gods {Rampage}
rPois   .          Reflect  .    M - +3 hat of Pondering {ponderous, Will+ MP+10 Int+5}
rElec   .          Rampage  +    J - scarf {rC+ rF+}
rCorr   +                        (gloves unavailable)
Will    ++...                    (boots unavailable)
Stlth   +                        (no amulet)
HPRegen 0.42/turn                v - ring of see invisible
MPRegen 0.23/turn                R - ring of resist corrosion

@: fire susceptible, slow
A: large, unfitting armour, tough skin 1
a: Renounce Religion, Depart the Abyss


You were on level 3 of the Lair of Beasts.
You worshipped Lugonu.
Lugonu was aware of your devotion.
You visited 4 branches of the dungeon, and saw 18 of its levels.
You visited the Abyss 1 time.

You collected 1164 gold pieces.
You spent 157 gold pieces at shops.

Inventory:

Hand Weapons
 a - a +3 vampiric whip (weapon)
 z - a +0 giant spiked club
Missiles
 e - 2 atropa-tipped darts
 j - 7 throwing nets
 r - 42 poisoned darts
 w - 6 boomerangs
 F - 76 stones
 I - 2 large rocks (quivered)
 N - 4 curare-tipped darts
Armour
 k - the +2 animal skin of the Kissing Gods (worn) {Rampage}
   (You took it off an orc on level 11 of the Dungeon)

   Rampage:   It bestows one free step when moving towards enemies.
 p - a +1 cloak
 A - a +0 kite shield (worn)
 J - a scarf of resistance (worn)
 M - the +3 hat of Pondering (worn) {ponderous, Will+ MP+10 Int+5}
   (You took it off Gastronok on level 1 of the Lair of Beasts)

   Int:       It affects your intelligence (+5).
   MP:        It affects your magic capacity (+10).
   Will:      It increases your willpower.
Magical Staves
 b - a staff of poison
Jewellery
 v - a ring of see invisible (left hand)
 L - a ring of flight
 R - a ring of resist corrosion (right hand)
Wands
 d - a wand of polymorph (8)
 i - a wand of roots (1)
 n - a wand of mindburst (11)
 s - a wand of quicksilver (9)
 y - a wand of flame (9)
 Q - a wand of paralysis (6)
Scrolls
 g - 5 scrolls of vulnerability
 h - 7 scrolls of amnesia
 m - 2 scrolls of teleportation
 o - 3 scrolls of enchant weapon
 u - 4 scrolls of immolation
 E - a scroll of silence
 G - 3 scrolls of poison
 H - a scroll of torment
 K - a scroll of magic mapping
 P - 4 scrolls of fog {unknown}
Potions
 c - 7 potions of degeneration
 f - 4 potions of flight
 q - 5 potions of attraction
 t - 2 potions of heal wounds {unknown}
 x - 2 potions of mutation {unknown}
 B - 2 potions of cancellation {unknown}
 C - 3 potions of lignification
 D - 4 potions of might {unknown}
 O - a potion of magic {unknown}


   Skills:
 - Level 11.1 Fighting
 + Level 12.1 Maces & Flails
 + Level 10.0 Throwing
 - Level 5.0 Shields
 - Level 6.6 Spellcasting
 - Level 4.0 Fire Magic
 - Level 2.0 Air Magic
 - Level 8.0 Poison Magic


You had 17 spell levels left.
You knew the following spells:

 Your Spells              Type           Power      Damage    Failure   Level
a - Scorch                Fire           54%        2d8       4%          2
b - Poisonous Vapours     Pois/Air       64%        N/A       3%          2
c - Olgreb's Toxic Radia  Pois           46%        N/A       6%          4

Your spell library contained the following spells:

 Spells                   Type           Power      Damage    Failure   Level
 Sting                    Tmut/Pois      100%       1d8       3%          1
 Magic Dart               Conj           32%        1d4       16%         1
 Sandblast                Erth           16%        2d6       16%         1
 Passwall                 Tmut/Erth      6%         N/A       24%         2
 Searing Ray              Conj           16%        2d5       24%         2
 Stone Arrow              Conj/Erth      16%        3d8       43%         3
 Flame Wave               Conj/Fire      17%        2d7       56%         4
 Fulminant Prism          Conj/Hex       4%         3d5       85%         4
 Summon Cactus Giant      Summ           4%         N/A       100%        6


Dungeon Overview and Level Annotations

Branches:
Dungeon (12/15)            Temple (1/1) D:7            Lair (3/5) D:8
 Spider (0/4) Lair:2          Orc (2/2) D:11
  Swamp: Lair:2-3    Shoals: Lair:2-3       Elf: Orc:2

Altars:
Ashenzari
Cheibriados
Dithmenos
Elyvilon
Fedhas
Gozag
Hepliaklqana
Kikubaaqudgha
Makhleb
Nemelex Xobeh
Okawaru
Qazlal
Ru
Sif Muna
Trog
Uskayaw
Vehumet
Wu Jian
Xom
Yredelemnul
Zin
The Shining One

Shops:
D:4 *

Portals:
Abyss: D:9

Annotations:
D:5 exclusion: downstairs
D:9 2 transporters, hikkokomori's ghost, novice MfGl
D:10 exclusion: downstairs
D:12 3 runed translucent doors, bmack86's ghost, journeyman MiFi
Lair:2 exclusion: oklob plant


Innate Abilities, Weirdness & Mutations

You are too large for most types of armour.
You have tough skin. (AC +1)


Message History

You climb downwards.
Found a box of beasts and a wand of quicksilver (5).
There is a stone staircase leading up here.
You start waiting.
A cane toad comes into view.
You throw a large rock.
The large rock barely misses the cane toad.
The cane toad croaks.
A steam dragon comes into view.
You throw a large rock.
The large rock closely misses the steam dragon.
The steam dragon hisses angrily.
Casting: Poisonous Vapours (safe; 3% risk of failure)
Confirm with . or Enter, or press ? or * to list all spells.
You begin to radiate toxic energy.
The steam dragon is poisoned.
You block the steam dragon's attack. x2
You barely miss the cane toad.
Casting: Olgreb's Toxic Radiance (mildly dangerous; 6% risk of failure)
Confirm with . or Enter, or press ? or * to list all spells.
Flames lash the cane toad.
The cane toad is lightly wounded.
The cane toad's fire resistance burns away.
Your toxic aura wanes.
The cane toad barely misses you. The steam dragon closely misses you.
You block the steam dragon's attack.
Casting: Scorch (safe; 4% risk of failure)
Confirm with . or Enter, or press ? or * to list all spells.
Flames lash the steam dragon but do no damage.
You block the cane toad's attack. You block the steam dragon's attack.
The steam dragon barely misses you. The cane toad stings you!
Casting: Scorch (safe; 4% risk of failure)
Confirm with . or Enter, or press ? or * to list all spells.
Flames lash the cane toad.
The cane toad is burned terribly!
The cane toad is moderately wounded.
The steam dragon closely misses you. You block the steam dragon's attack.
The cane toad stings you!
You are poisoned.
The cane toad poisons you!
Casting: Scorch (safe; 4% risk of failure)
Confirm with . or Enter, or press ? or * to list all spells.
Flames lash the cane toad.
The cane toad is burned terribly!
The cane toad is heavily wounded.
You feel very sick. The steam dragon barely misses you.
The steam dragon claws you. The cane toad stings you.
You hit the cane toad.
The cane toad is severely wounded.
You feel sick. The steam dragon breathes steam at you.
The ball of steam hits you! The cane toad stings you.
You are more poisoned.
The cane toad poisons you!
You hear an angry hiss.
You hear an angry growl.
You hit the cane toad.
You feel better.
The cane toad is severely wounded.
You feel very sick.
The steam dragon looks more healthy.
You block the steam dragon's attack. x2
You hit the cane toad.
You feel better.
The cane toad is severely wounded.
You feel very sick.
The cane toad is engulfed in a cloud of scalding steam.
The cane toad stings you!!
You are more poisoned.
The cane toad poisons you!
Casting: Scorch (safe; 4% risk of failure)
Confirm with . or Enter, or press ? or * to list all spells.
Flames lash the steam dragon.
The steam dragon is severely wounded.
The steam dragon's fire resistance burns away.
You are engulfed in a cloud of scalding steam.
You feel extremely sick.
The cane toad stings you but does no damage.
The steam dragon bites you.
* * * LOW HITPOINT WARNING * * *
You block the steam dragon's attack.
You hit the cane toad but do no damage.
The cane toad is almost dead.
You feel very sick. The cane toad stings you!
* * * LOW HITPOINT WARNING * * *
You are more poisoned.
The cane toad poisons you!
The steam dragon bites you but does no damage.
The steam dragon claws you but does no damage.
Unknown command.
Unknown command.
You feel better. You block the cane toad's attack.
The steam dragon breathes steam at you. The ball of steam hits you!
* * * LOW HITPOINT WARNING * * *
Aiming: Mindburst
Press: ? - help, Shift-Dir - straight line, f - cane toad, p - steam dragon
Aim: a cane toad (almost dead, more vulnerable to fire, chance to affect: 64%)
The cane toad struggles to resist.
You are engulfed in a cloud of scalding steam.
* * * LOW HITPOINT WARNING * * *
The cane toad stings you.
* * * LOW HITPOINT WARNING * * *
The steam dragon bites you.
You die...

## .## ..##
...# ...####
###....}.#
..##(#.......#
......D@#
......FP#
./.....##
(.....^
######. #P #P
#.


You could see a cane toad (combustible) and a steam dragon (catching breath,
combustible).

Vanquished Creatures
  Gastronok (Lair:1)
  Harold (D:9)
  5 two-headed ogres
  A boulder beetle (D:11)
  Sonja (Lair:1)
  An orc knight (Orc:1)
  A deep elf pyromancer (D:12)
  3 ugly things
  An orc sorcerer (Orc:2)
  2 cyclopes
  A manticore (D:11)
  5 cane toads (Lair:1)
  An unseen horror (D:12)
  A rime drake (Lair:1)
  5 komodo dragons
  2 trolls (Orc:1)
  Grinder (D:5)
  A hornet (D:9)
  2 slime creatures (D:12)
  A shadow (D:12)
  10 yaks
  A wraith (D:11)
  4 hogs (D:7)
  A human (D:7)
  2 wyverns (D:9)
  A warg (Orc:1)
  3 water moccasins
  A swamp drake (D:11)
  12 orc warriors
  2 sky beasts
  3 ogres
  3 black bears
  4 ice beasts
  7 wolves (Lair:1)
  6 centaurs
  2 phantoms
  7 bullfrogs
  2 kobold brigands
  4 gnoll sergeants
  6 scorpions
  8 wights
  4 jellies
  16 killer bees
  A howler monkey (D:6)
  An electric eel (Lair:2)
  3 hounds
  A gnoll bouda (D:9)
  14 orc priests
  Crazy Yiuf (D:3)
  4 hell rats (Lair:1)
  A sleepcap (D:6)
  12 orc wizards
  Natasha (D:1)
  2 iguanas
  27 gnolls
  5 adders
  2 shadow imps (D:6)
  A white imp (D:6)
  2 worms
  51 orcs
  10 endoplasms
  3 giant cockroaches
  11 goblins
  6 hobgoblins
  2 quokkas
  4 ball pythons
  5 bats
  3 frilled lizards
  14 kobolds
  3 rats
336 creatures vanquished.

Vanquished Creatures (others)
  71 foxfires
  2 fungi (Lair:1)
  7 plants
80 creatures vanquished.

Grand Total: 416 creatures vanquished

Notes
Turn   | Place    | Note
-------+----------+-------------------------------------------
     0 | D:1      | GloriousHammer the Ogre Cinder Acolyte began the quest for
                  | the Orb.
     0 | D:1      | Reached XP level 1. HP: 24/24 MP: 2/2
   180 | D:1      | Reached XP level 2. HP: 22/32 MP: 2/4
   267 | D:1      | Learned a level 2 spell: Scorch
   544 | D:1      | Found a faded altar of an unknown god.
   968 | D:2      | Noticed Natasha
  1255 | D:2      | Noticed a crimson imp
  1364 | D:2      | Reached skill level 3 in Maces & Flails
  1410 | D:2      | Reached XP level 3. HP: 40/40 MP: 2/5
  1428 | D:1      | Killed Natasha
  1849 | D:1      | Found a faded altar of an unknown god.
  2611 | D:2      | Reached XP level 4. HP: 21/49 MP: 1/7
  3245 | D:2      | Learned a level 2 spell: Poisonous Vapours
  3280 | D:2      | Reached skill level 5 in Fighting
  3280 | D:2      | Reached XP level 5. HP: 46/57 MP: 2/9
  3689 | D:2      | Reached skill level 1 in Poison Magic
  5338 | D:3      | Found a runed translucent door.
  5339 | D:3      | Noticed Crazy Yiuf
  5432 | D:3      | Killed Crazy Yiuf
  5433 | D:3      | Reached XP level 6. HP: 50/66 MP: 1/10
  6309 | D:4      | Noticed an ice beast
  6314 | D:4      | Killed an ice beast
  6816 | D:4      | Reached skill level 1 in Air Magic
  7104 | D:4      | Found Samentym's General Store.
  7112 | D:4      | Bought 2 poisoned darts for 12 gold pieces
  7112 | D:4      | Bought a scroll of enchant weapon for 75 gold pieces
  7112 | D:4      | Bought a potion of curing for 30 gold pieces
  7428 | D:4      | Bought a scroll of fear for 40 gold pieces
  7454 | D:5      | Entered Level 5 of the Dungeon
  7623 | D:5      | Reached XP level 7. HP: 74/74 MP: 4/12
  7631 | D:5      | Reached skill level 4 in Maces & Flails
  9407 | D:5      | Noticed Grinder
  9408 | D:5      | Paralysed by Grinder for 5 turns
  9418 | D:5      | Killed Grinder
  9419 | D:5      | Reached skill level 5 in Maces & Flails
  9419 | D:5      | Reached XP level 8. HP: 75/87 MP: 1/14
 10806 | D:6      | Reached skill level 6 in Maces & Flails
 10859 | D:6      | Reached XP level 9. HP: 56/97 MP: 1/15
 12267 | D:6      | Reached skill level 10 in Fighting
 12267 | D:6      | Reached skill level 7 in Maces & Flails
 12757 | D:6      | Learned a level 4 spell: Olgreb's Toxic Radiance
 14358 | D:7      | Found a sacrificial altar of Ru.
 14437 | D:7      | Found a staircase to the Ecumenical Temple.
 14537 | D:7      | Reached skill level 5 in Spellcasting
 14550 | D:7      | Reached XP level 10. HP: 11/111 MP: 5/17
 14857 | D:7      | Reached skill level 5 in Poison Magic
 15864 | Temple   | Entered the Ecumenical Temple
 16341 | D:8      | Noticed a two-headed ogre
 16357 | D:8      | Killed a two-headed ogre
 16358 | D:8      | Reached skill level 8 in Maces & Flails
 16358 | D:8      | Reached skill level 1 in Throwing
 17608 | D:8      | Found a staircase to the Lair.
 18765 | D:8      | Found a broken altar of Ashenzari.
 19630 | D:9      | Noticed Harold
 19641 | D:9      | Reached skill level 1 in Shields
 19654 | D:9      | Killed Harold
 19655 | D:9      | Reached XP level 11. HP: 38/120 MP: 1/21
 20972 | D:9      | Noticed a tentacled starspawn
 20973 | D:9      | Noticed a rakshasa
 20974 | D:9      | Noticed a hell hog
 20980 | D:9      | Noticed hikkokomori's ghost (novice MfGl)
 21340 | D:9      | Paralysed by a hornet for 3 turns
 21447 | D:9      | Found a transporter.
 21478 | D:9      | Found a one-way gate to the infinite horrors of the Abyss.
 21544 | D:9      | Reached skill level 9 in Maces & Flails
 21817 | D:9      | Found a transporter.
 21923 | D:9      | Found a shimmering blue altar of Sif Muna.
 21923 | D:9      | Found a glowing golden altar of the Shining One.
 22053 | D:10     | Entered Level 10 of the Dungeon
 22372 | D:10     | Found a radiant altar of Vehumet.
 22499 | D:10     | Noticed a red ugly thing
 22521 | D:10     | Killed a red ugly thing
 22815 | D:10     | Noticed a two-headed ogre
 22859 | D:10     | Killed a two-headed ogre
 23217 | D:10     | Reached skill level 5 in Throwing
 23706 | D:11     | Noticed a boulder beetle
 23859 | D:11     | Noticed a manticore
 23869 | D:11     | Killed a manticore
 24508 | D:11     | Noticed a purple ugly thing
 24526 | D:11     | Killed a cyan ugly thing
 24815 | D:11     | Killed a boulder beetle
 25241 | D:11     | Noticed a two-headed ogre
 25285 | D:11     | Killed a two-headed ogre
 25688 | D:11     | Found a staircase to the Orcish Mines.
 25709 | D:11     | Identified the +2 animal skin of the Kissing Gods {Rampage}
 26503 | D:11     | Noticed a two-headed ogre
 26548 | D:11     | Killed a two-headed ogre
 26549 | D:11     | Reached skill level 5 in Shields
 27548 | D:11     | Reached XP level 12. HP: 127/130 MP: 14/22
 27764 | Orc:1    | Entered Level 1 of the Orcish Mines
 27821 | Orc:2    | Entered Level 2 of the Orcish Mines
 27821 | Orc:2    | Noticed a two-headed ogre
 27837 | Orc:1    | Killed a two-headed ogre
 27838 | Orc:1    | Reached skill level 10 in Maces & Flails
 30219 | Orc:2    | Noticed an orc warlord
 31596 | D:12     | Found a runed translucent gate.
 31597 | D:12     | Found a runed translucent gate.
 31618 | D:12     | Found a runed translucent gate.
 31681 | D:12     | Reached skill level 11 in Maces & Flails
 32347 | D:12     | Noticed bmack86's ghost (journeyman MiFi)
 32583 | Lair:1   | Entered Level 1 of the Lair of Beasts
 33687 | Lair:1   | Noticed Gastronok
 33718 | Lair:1   | Killed Gastronok
 35475 | Lair:1   | Noticed Sonja
 35479 | Abyss:2  | Cast into level 2 of the Abyss (Sonja)
 35502 | Abyss:2  | Noticed a bone dragon
 35513 | Abyss:2  | Noticed a thrashing horror
 35514 | Abyss:2  | Noticed a thrashing horror
 35525 | Abyss:2  | Found a corrupted altar of Lugonu.
 35531 | Abyss:2  | Fell from the grace of Ignis
 35531 | Abyss:2  | Became a worshipper of Lugonu the Unformed
 35531 | Abyss:2  | Reached * piety under Lugonu
 35531 | Abyss:2  | Reached ** piety under Lugonu
 35533 | Lair:1   | Escaped the Abyss
 35539 | Lair:1   | HP: 6/130 [bullfrog (7)]
 35966 | Lair:1   | Reached XP level 13. HP: 137/137 MP: 23/23
 36649 | Lair:1   | Killed Sonja
 36650 | Lair:1   | Reached skill level 12 in Maces & Flails
 37093 | Lair:2   | Reached skill level 10 in Throwing
 37372 | Lair:2   | Found a shimmering blue altar of Sif Muna.
 37660 | Lair:2   | Found a hole to the Spider Nest.
 38220 | Lair:3   | HP: 2/137 [cane toad (6)]
 38220 | Lair:3   | Slain by a steam dragon

Illustrated notes

Levels and vault maps discovered:
D:1:      psy_arrival_radial01, layout_loops_ring,
          shapermc_ecumenical_altar_hornbeckon, kennysheep_crisscross,
          minmay_misc_feat_doors, minmay_misc_feat_square
D:2:      layout_rooms, grunt_decor_mini_mirrors, reono_crystal_passage,
          uniq_natasha
D:3:      minmay_recursive_quarters, layout_loops_cross, uniq_crazy_yiuf_cottage
D:4:      layout_gridville, serial_shops, nicolae_shop_trees, nrook_campfire,
          st_stairs_3, minmay_pentomino_pile
D:5:      layout_loops_corners, serial_glass, glass_columns_a, glass_columns_c,
          uniq_grinder
D:6:      layout_gridville
D:7:      hellmonk_ruined_rings, layout_basic, nicolae_ru_path_of_blood,
          minmay_temple_entry_antechambers, grunt_livestock
D:8:      layout_rooms, ashenzari_conservatory_becter, david_lair_shrubbed
D:9:      layout_loops_ring, nicolae_overflow_two_pavilions,
          gammafunk_ghost_abyssal_escape, grunt_ministairs_12, uniq_harold
D:10:     layout_long_grid, nicolae_vehumet_altar_sigil, skrybe_limestone_x
D:11:     layout_irregular_city, erik_orc_1
D:12:     layout_loops_corners, gammafunk_ghost_icy
Temple:   bh_familiar_temple
Lair:1:   layout_layer_cave, uniq_sonja, uniq_gastronok
Lair:2:   layout_hall_layers, dummy_spider_entry, lemuel_oklob_altar,
          infiniplex_staircase_pool
Lair:3:   gammafunk_mikee_crab_dinner, layout_layer_cave, swamp_mist,
          uniq_kirke, uniq_rupert
Orc:1:    layout_caves, portal_ice_cave_entry_animals_and_master, basic_altar,
          uniq_urug
Orc:2:    grunt_orc_cross, layout_diamond_mine, hellmonk_ghost_happy_afterlife,
          uniq_saint_roka

Skill      XL: |  1  2  3  4  5  6  7  8  9 10 11 12 13 |
---------------+----------------------------------------+-----
Maces & Flails | 3 5 6 7 8 9 11 12 | 12.1
Spellcasting   | 2 3 4 5 6 |  6.6
Fire Magic     | 3 4 |  4.0
Fighting       | 5 7 8 10 11 | 11.1
Poison Magic   | 1 3 4 6 7 8 |  8.0
Air Magic      | 1 2 |  2.0
Throwing       | 3 6 9 10 | 10.0
Shields        | 2 5 |  5.0

Action                     |  1- 3 |  4- 6 |  7- 9 | 10-12 | 13-15 || total
---------------------------+-------+-------+-------+-------+-------++-------
  Melee: Mace              |    31 |       |       |       |       ||    31
         Whip              |    29 |    70 |    65 |   245 |    27 ||   436
         Punch             |       |     1 |       |       |       ||     1
         Staff             |       |       |       |     7 |       ||     7
  Throw: Boomerang         |       |       |    11 |    17 |       ||    28
         Dart              |       |       |     2 |     3 |       ||     5
         Large rock        |       |       |       |    21 |     8 ||    29
   Cast: Scorch            |    16 |    63 |   105 |   218 |    19 ||   421
         Poisonous Vapours |       |    21 |    51 |   189 |     8 ||   269
         Olgreb's Toxic Ra |       |       |       |    46 |     3 ||    49
 Invoke: Fiery Armour      |       |       |     4 |     3 |       ||     7
         Foxfire Swarm     |       |       |     2 |     2 |       ||     4
         Depart the Abyss  |       |       |       |     1 |       ||     1
         Rising Flame      |       |       |       |     1 |       ||     1
  Evoke: Wand              |       |       |     2 |    16 |     8 ||    26
    Use: Scroll            |       |       |     7 |    15 |       ||    22
         Potion            |       |       |     1 |     4 |     1 ||     6
 Armour: Robe              |    16 |    29 |    58 |    41 |       ||   144
         Animal skin       |       |       |       |    36 |     8 ||    44
  Dodge: Dodged            |    26 |    59 |    79 |   176 |    16 ||   356
  Block: Kite shield       |       |       |       |   131 |    20 ||   151

Table legend: (Time is in decaauts)
 A = Elapsed time spent in this place.
 B = Non-inter-level travel time spent in this place.
 C = Inter-level travel time spent in this place.
 D = Time resting spent in this place.
 E = Time spent auto-exploring this place.
 F = Levels seen in this place.
 G = Mean time per level.
                   A        B        C        D        E       F      G
               +--------+--------+--------+--------+--------+-----+--------+
         Total |  38340 |  37539 |    801 |  23451 |  10270 |  19 | 2017.9 |
       Dungeon |  30325 |  29581 |    744 |  18067 |   8491 |  12 | 2527.1 |
        Temple |    191 |    171 |     20 |      0 |    168 |   1 |  191.0 |
          Lair |   5020 |   4983 |     37 |   3058 |   1501 |   3 | 1673.3 |
  Orcish Mines |   2750 |   2750 |      0 |   2326 |    110 |   2 | 1375.0 |
         Abyss |     53 |     53 |      0 |      0 |      0 |   1 |   53.0 |
               +--------+--------+--------+--------+--------+-----+--------+

Top non-repeatable levels by time:
    D:11: 3969 daAuts
     D:8: 3963 daAuts
  Lair:1: 3773 daAuts
     D:6: 3436 daAuts
     D:5: 2780 daAuts
     D:9: 2740 daAuts
     D:1: 2467 daAuts
   Orc:1: 2230 daAuts
     D:7: 2216 daAuts
    D:12: 1950 daAuts
     D:4: 1908 daAuts
    D:10: 1804 daAuts
     D:3: 1629 daAuts
     D:2: 1457 daAuts
  Lair:2: 1145 daAuts
